Map: Dusk Towers

Players

Petraeus - Winner!

  • Race: Zerg Zerg
  • League: Grandmaster

PiG

  • Race: Zerg Zerg
  • League: Grandmaster

Event: 2016 WCS Winter Challenger Oceania SEA

VOD

Have the link to the VOD?

Description

Time

  • Played on: Feb. 13, 2016, 10:52 p.m.
  • Length: 7:28

All games in this series

Show
View Real Time Build Order
Export as new Build Order

Petraeus Zerg - Winner!

Build Orders: Hatch First, Roach Nydus 

Get SALT Encoding   

  12  0:01  Drone  
  13  0:08  Drone  
  14  0:16  Overlord  
  14  0:25  Drone, Extractor  
  15  0:35  Drone x2  
  17  0:53  Hatchery  
  17  0:55  Drone  
  17  0:58  Drone  
  18  1:12  Spawning Pool, Extractor  
  18  1:15  Drone  
  17  1:19  Drone  
  18  1:27  Drone  
  19  1:38  Overlord  
  19  1:48  Drone  
  20  1:59  Baneling Nest, Zergling x2, Queen  
  22  2:04  Queen  
  22  2:05  Drone  
  25  2:10  Drone  
  27  2:15  Drone  
  27  2:20  Drone  
  28  2:28  Roach Warren  
  28  2:31  Drone  
  28  2:34  Queen  
  28  2:35  Drone  
  32  2:42  Overlord  
  32  2:43  Drone  
  33  2:49  Drone  
  34  2:54  Drone  
  35  3:01  Drone  
  35  3:03  Metabolic Boost, Drone  
  37  3:10  Roach x3  
  43  3:14  Extractor  
  43  3:15  Roach  
  43  3:16  Overlord  
  45  3:29  Hatchery  
  44  3:36  Drone x3  
  44  3:37  Drone x2  
  49  3:45  Drone x3  
  49  3:47  Extractor  
  49  3:48  Overlord  
  51  3:50  Drone  
  52  3:56  Overlord  
  52  3:57  Drone  
  52  4:07  Overlord  
  52  4:13  Roach x2  
  56  4:21  Drone x3  
  56  4:22  Drone x4  
  56  4:24  Drone  
  64  4:26  Ravager x2  
  64  4:27  Drone  
  67  4:34  Drone  
  67  4:35  Drone  
  67  4:37  Lair  
  67  4:38  Evolution Chamber  
  68  4:43  Drone  
  69  4:46  Drone  
  69  4:48  Drone x3  
  69  4:49  Drone  
  69  4:51  Drone x3, Extractor  
  76  4:54  Overlord  
  76  5:04  Drone  
  77  5:08  Drone x2  
  77  5:11  Overlord, Zerg Missile Weapons Level 1, Extractor x2  
  77  5:12  Queen  
  77  5:13  Queen  
  81  5:21  Drone x3  
  84  5:23  Overlord x2  
  84  5:26  Drone  
  85  5:29  Spore Crawler  
  85  5:30  Roach x5  
  94  5:39  Overseer  
  94  5:40  Queen  
  96  5:47  Nydus Network  
  96  5:48  Queen  
  97  5:59  Roach x2  
  97  6:00  Queen, Roach x3  
  97  6:01  Overlord  
  109  6:10  Roach x2  
  113  6:13  Overseer  
  113  6:14  Overlord x2  
  113  6:19  Queen  
  113  6:21  Drone, Spore Crawler  
  115  6:26  Roach x3  
  115  6:32  Overlord, Nydus Canal  
  121  6:33  Overlord  
  121  6:34  Roach  
  121  6:35  Roach  
  121  6:38  Roach x2  
  129  6:54  Roach x2  
  129  6:55  Roach  
  129  6:56  Roach x2  
  129  6:59  Roach x2  
  129  7:00  Nydus Canal, Roach  
  145  7:05  Overlord x2  
  149  7:09  Roach x2  
Show
View Real Time Build Order
Export as new Build Order

PiG Zerg 

Build Orders: Hatch First 

Get SALT Encoding   

  12  0:00  Drone  
  13  0:12  Overlord  
  13  0:17  Drone  
  14  0:31  Drone x2  
  14  0:34  Drone  
  17  0:53  Hatchery  
  17  0:54  Drone  
  17  0:57  Drone  
  18  1:05  Extractor  
  17  1:12  Spawning Pool  
  17  1:14  Drone  
  18  1:18  Drone  
  18  1:29  Drone  
  19  1:42  Drone  
  20  1:51  Drone  
  21  2:00  Overlord  
  21  2:05  Metabolic Boost, Queen  
  21  2:06  Queen  
  21  2:08  Drone  
  26  2:10  Zergling x2  
  27  2:16  Drone  
  27  2:22  Overlord  
  28  2:29  Baneling Nest  
  27  2:31  Drone  
  27  2:32  Drone  
  29  2:40  Queen  
  31  2:45  Drone  
  31  2:50  Overlord  
  32  2:55  Zergling x4  
  34  3:06  Drone  
  34  3:07  Drone  
  34  3:12  Drone  
  36  3:16  Drone x2  
  36  3:19  Drone x2  
  41  3:20  Drone x2  
  41  3:21  Drone  
  41  3:25  Baneling x2  
  43  3:32  Hatchery  
  42  3:34  Drone x2  
  42  3:37  Drone  
  45  3:42  Lair  
  45  3:46  Spine Crawler  
  43  3:51  Drone  
  43  3:52  Drone x2, Extractor  
  43  3:53  Drone  
  46  4:00  Drone x3, Extractor  
  47  4:03  Zergling x2, Extractor  
  47  4:06  Drone  
  48  4:12  Drone x2  
  50  4:20  Overlord x4  
  50  4:23  Drone  
  51  4:36  Spine Crawler  
  51  4:37  Drone  
  51  4:38  Drone  
  51  4:39  Drone x3  
  51  4:43  Spine Crawler  
  54  4:47  Spire  
  54  4:51  Spine Crawler  
  52  4:55  Drone x2  
  55  5:03  Drone, Zergling x8  
  55  5:05  Overseer  
  59  5:09  Overlord x2  
  59  5:10  Overlord  
  59  5:13  Drone  
  59  5:14  Drone  
  61  5:15  Drone  
  61  5:20  Drone  
  61  5:21  Drone  
  64  5:23  Extractor  
  64  5:25  Extractor  
  62  5:28  Evolution Chamber  
  62  5:29  Drone x3  
  62  5:30  Drone  
  62  5:32  Drone, Infestation Pit  
  62  5:34  Drone  
  66  5:36  Drone x2  
  66  5:38  Drone  
  69  5:49  Drone  
  70  5:50  Drone x2  
  72  6:01  Mutalisk x6  
  84  6:05  Mutalisk x2  
  84  6:10  Drone x2  
  84  6:11  Drone x2  
  92  6:30  Hatchery  
  91  6:34  Zergling x14  
  91  6:35  Baneling x3  
  91  6:36  Baneling  
  98  6:42  Spine Crawler x2, Baneling x2  
  98  6:43  Zergling x6  
  98  6:46  Mutalisk  
  99  6:57  Mutalisk x4  
  99  6:59  Zergling x8  
  105  7:06  Overlord x3  
Tags
 
Add a new tag
Caveats
  • Supply blocks, unpowered buildings, or Contaminate may cause inaccurate times.
  • Supply counts are checked every 10 seconds.